 Dungeon Crawl Stone Soup version 0.16.2-2-g470672f (webtiles) character file.

1528 hlfrmn the Ducker (level 8, -4/55 HPs)
             Began as a High Elf Skald on Aug 13, 2015.
             Was a Priest of Okawaru.
             Splashed by a brown ugly thing's acid (5 damage)
             ... on level 6 of the Dungeon on Aug 28, 2015.
             The game lasted 01:14:38 (7078 turns).

hlfrmn the Ducker (High Elf Skald)                  Turns: 7078, Time: 01:14:38

Health: -4/55      AC: 12    Str: 11    XL:     8   Next: 55%
Magic:  6/21       EV: 20    Int: 18    God:    Okawaru [***...]
Gold:   237        SH:  0    Dex: 20    Spells: 3 memorised, 10 levels left

rFire  . . .     SeeInvis .     a - +0 short sword
rCold  . . .     Clarity  .     m - +4 ring mail
rNeg   . . .     SustAb   +     (no shield)
rPois  .         Gourm    .     k - +1 hat
rElec  .         Spirit   .     J - +0 cloak
rCorr  .         Warding  .     q - +0 pair of gloves
rMut   .         Stasis   .     (no boots)
MR     .....                    (no amulet)
Stlth  ++........               v - ring of sustain abilities
                                g - ring of sustain abilities (curse)

@: agile, lethally poisoned (-4 -> -18), infused, very slightly contaminated,
not resistant to hostile enchantments, unstealthy
A: no striking features
a: Heroism, Renounce Religion


You were on level 6 of the Dungeon.
You worshipped Okawaru.
Okawaru was most pleased with you.
You were not hungry.

You visited 1 branch of the dungeon, and saw 6 of its levels.

You collected 237 gold pieces.

Inventory:

Hand weapons
 a - a +0 short sword (weapon)
 b - a +2 dagger of venom
 I - a +2 whip of freezing
 L - a +0 long sword
 N - a +0 hunting sling
 O - a +0 dagger
Missiles
 o - 37 stones
 w - 107 arrows
 y - 9 tomahawks (quivered)
 B - 9 sling bullets of flame
Armour
 k - a +1 hat (worn)
 m - a +4 ring mail (worn)
 q - a +0 pair of gloves (worn)
 x - a +0 leather armour of poison resistance
 J - a +0 cloak (worn)
Jewellery
 g - a cursed ring of sustain abilities (left hand)
 s - an uncursed ring of sustain abilities
 v - a ring of sustain abilities (right hand)
Magical devices
 G - a wand of fire (3)
Scrolls
 e - 6 scrolls of remove curse {unknown}
 h - a scroll of recharging {unknown}
 j - 3 scrolls of magic mapping {unknown}
 l - 2 scrolls of noise {unknown}
 n - 2 scrolls of enchant armour {unknown}
 t - a scroll of blinking {unknown}
 z - 2 scrolls of fear {unknown}
 A - 3 scrolls of teleportation {unknown}
 E - 4 scrolls of identify {unknown}
 P - a scroll of fog {unknown}
Potions
 f - a potion of brilliance {unknown}
 i - 2 potions of restore abilities
 D - a potion of resistance {unknown}
 H - 2 potions of poison {unknown}
 K - a potion of berserk rage {unknown}
 M - a potion of flight {unknown}
 Q - a potion of degeneration {unknown}
Books
 c - a book of Battle

   Spells                             Type                      Level
   a - Infusion                       Charms                       1
   b - Shroud of Golubria             Charms/Translocation         2
   c - Song of Slaying                Charms                       2
   d - Spectral Weapon                Hexes/Charms                 3
   e - Regeneration                   Charms/Necromancy            3
 C - a book of Summonings

   Spells                             Type                      Level
   a - Abjuration                     Summoning                    3
   b - Recall                         Summoning/Translocation      3
   c - Shadow Creatures               Summoning                    5
   d - Summon Demon                   Summoning                    5
   e - Summon Forest                  Summoning/Translocation      5
   f - Monstrous Menagerie            Summoning                    6
Comestibles
 d - 2 bread rations
 p - 3 meat rations
 u - 2 beef jerkies
 F - 3 fruits
 R - a chunk of flesh


   Skills:
 * Level 5.1 Fighting
 * Level 6.9 Short Blades
 - Level 0.8 Armour
 * Level 7.3 Dodging
 * Level 4.5 Spellcasting
 - Level 4.4 Charms
 - Level 0.1 Necromancy


You had 10 spell levels left.
You knew the following spells:

 Your Spells              Type           Power        Failure   Level  Hunger
a - Infusion              Chrm           ###...       6%          1    None
b - Shroud of Golubria    Chrm/Tloc      ##........   24%         2    #......
c - Regeneration          Chrm/Necr      ##........   47%         3    ###....


Dungeon Overview and Level Annotations

Branches:
Dungeon (6/15)
 Temple: D:4-7

Altars:
Ashenzari
Okawaru
Ru


Message History

The brown ugly thing is severely wounded.
The bolt of fire hits the iguana zombie.
Evoking this partially-identified wand wasted a few charges.
You feel sick. The brown ugly thing stings you!
* * * LOW HITPOINT WARNING * * *
You are splashed with acid!
The acid burns!
* * * LOW HITPOINT WARNING * * *
* * * LOW HITPOINT WARNING * * *
You feel sick.
* * * LOW HITPOINT WARNING * * *
You feel sick.
* * * LOW HITPOINT WARNING * * *
You feel sick.
Drink which item? (? for menu, Esc to quit)
It was a potion of restore abilities.
You feel refreshed.
* * * LOW HITPOINT WARNING * * *
You feel sick. The brown ugly thing stings you.
* * * LOW HITPOINT WARNING * * *
You are splashed with acid!
The acid burns!
You die...

. #.# ##. #. #(.
.. ##. .(...
####.. ##.#.
#..... .(. #.# ..
#.# #<# #.#####5#
#.# #.#u5.#.# #.#
#.@###.Z# #.# #..#
#..# #.# ##.###..#
#.# #....#.#
#.####.#.##.#..###
#.................
######.#.......###
#.######.... #.#
#.##


You could see a brown ugly thing and a shadow imp.

Vanquished Creatures
  Pikel (D:4)
  A sky beast (D:6)
  4 ogres (D:5)
  A phantom (D:4)
  Sigmund (D:3)
  A giant frog (D:6)
  A giant frog skeleton (D:4)
  2 hounds
  An orc priest (D:5)
  An iguana (D:6)
  3 worker ants
  3 adders
  4 gnolls (D:3)
  A shadow imp (D:5)
  A giant mite (D:2)
  6 worms
  2 adder skeletons
  2 giant geckos
  2 oozes
  9 orcs
  6 bats
  3 giant cockroaches (D:3)
  5 hobgoblins
  2 ball pythons
  5 giant newts
  10 goblins
  12 kobolds
  2 quokka skeletons
  14 rats
106 creatures vanquished.

Vanquished Creatures (others)
  A giant gecko skeleton (D:4)
  A giant newt (D:4)
2 creatures vanquished.

Grand Total: 108 creatures vanquished

Notes
Turn   | Place    | Note
--------------------------------------------------------------
     0 | D:1      | hlfrmn, the High Elf Skald, began the quest for the Orb.
     0 | D:1      | Reached XP level 1. HP: 14/14 MP: 4/4
   998 | D:1      | Reached XP level 2. HP: 19/19 MP: 6/6
  1002 | D:1      | Learned a level 2 spell: Shroud of Golubria
  1368 | D:2      | Reached skill level 4 in Charms
  1831 | D:2      | Reached XP level 3. HP: 16/25 MP: 4/8
  1966 | D:2      | Learned a level 3 spell: Regeneration
  2493 | D:3      | Found an iron altar of Okawaru.
  2553 | D:3      | Became a worshipper of Warmaster Okawaru
  2764 | D:3      | Reached XP level 4. HP: 28/30 MP: 9/11
  2966 | D:3      | Noticed Sigmund
  3000 | D:3      | Killed Sigmund
  3000 | D:3      | Reached XP level 5. HP: 2/36 MP: 4/12
  3337 | D:3      | Upgraded the game from 0.16.2 to 0.16.2-2-g470672f
  3886 | D:3      | Noticed an ice beast
  4676 | D:4      | Reached XP level 6. HP: 37/42 MP: 13/15
  4750 | D:4      | Acquired Okawaru's first power
  4753 | D:4      | Noticed a slave
  4754 | D:4      | Noticed Pikel
  4754 | D:4      | Noticed a slave
  4755 | D:4      | Noticed a slave
  4786 | D:4      | Noticed a slave
  4797 | D:4      | Killed Pikel
  4797 | D:4      | Reached skill level 5 in Short Blades
  4797 | D:4      | Reached skill level 5 in Dodging
  4797 | D:4      | Reached XP level 7. HP: 22/49 MP: 16/19
  4873 | D:4      | Noticed a phantom
  4934 | D:4      | Killed a phantom
  5191 | D:4      | Reached skill level 6 in Dodging
  5512 | D:5      | Entered Level 5 of the Dungeon
  5805 | D:5      | Found a sacrificial altar of Ru.
  6031 | D:5      | Reached XP level 8. HP: 54/54 MP: 20/20
  6421 | D:6      | Noticed a green ugly thing
  6443 | D:5      | Reached skill level 7 in Dodging
  6639 | D:5      | Found a shattered altar of Ashenzari.
  6845 | D:6      | Reached skill level 5 in Fighting
  7078 | D:6      | HP: 2/55 [poisoned by a green ugly thing]
  7078 | D:6      | Splashed by a brown ugly thing's acid

Action                   |  1- 3 |  4- 6 |  7- 9 || total
-------------------------+-------+-------+-------++-------
Melee: Short sword       |   199 |   195 |   246 ||   640
       Dagger            |       |    58 |    41 ||    99
Throw: Stone             |       |     5 |    10 ||    15
       Tomahawk          |       |       |     3 ||     3
 Cast: Shroud of Golubri |     6 |     6 |     9 ||    21
       Regeneration      |       |     6 |     6 ||    12
       Infusion          |       |       |     2 ||     2
Evoke: Wand              |       |       |     1 ||     1
  Use: Potion            |       |       |     2 ||     2
  Eat: Chunk             |     4 |     3 |     7 ||    14
       Bread ration      |     1 |     1 |     1 ||     3
